 Seeded DCSS version 0.30.1-3-gfc49f6343a (webtiles) character file.

Game seed: 920673320228942481 (custom seed)

319931 McKennaii the Impregnable (level 19, -2/153 (154) HPs)
             Began as a Demigod Conjurer on July 23, 2023.
             Slain by a caustic shrike simulacrum (22 damage)
             ... on level 4 of the Abyss.
             The game lasted 01:42:00 (63729 turns).

McKennaii the Impregnable (Demigod Conjurer)       Turns: 63729, Time: 01:42:00

HP:   -2/153 (154)  AC: 41    Str: 31    XL:     19   Next: 81%
MP:   49/49         EV:  8    Int: 47    God:
Gold: 2308          SH:  0    Dex: 12    Spells: 41/58 levels left

rFire   + + +        A - +4 scythe (venom)
rCold   . . .        (shield currently unavailable)
rNeg    . . .        h - +8 orange crystal plate armour {Archmagi, Int+3 Clar}
rPois   +            U - +2 helmet {Int+3}
rElec   .            C - +1 cloak {rPois}
rCorr   .            w - +1 pair of gloves
SInv    .            V - +2 pair of boots {Fly}
Will    +....        K - amulet "Giogomotz" {rF+++ Regen+ Str+6 Int+3} Stlth
                     f - ring of wizardry
HPRegen 1.25/turn    Q - ring of the Voivode {Drain Str+5 Int+6}
MPRegen 0.31/turn

%: clarity, wizardry (x1), archmagi
@: corroded, flying, lightly drained
A: high MP 1, forlorn, divine attributes, berserk 1, poison resistance, subdued
magic 1
}: 2/15 runes: decaying, serpentine
a: no special abilities


You were on level 4 of the Abyss.
You visited 6 branches of the dungeon, and saw 33 of its levels.
You visited the Abyss 2 times.
You also visited: Gauntlet.

You collected 4109 gold pieces.
You spent 1801 gold pieces at shops.

Inventory:

Hand Weapons
 A - a +4 scythe of venom (weapon)
 S - the +7 dagger "Ukli Rol" {freeze, rElec}
   (You found it in a Gauntlet)

   rElec:     It insulates you from electricity.
Missiles
 W - 3 throwing nets
Armour
 g - a +1 helmet of see invisible
 h - the +8 orange crystal plate armour (worn) {Archmagi, Int+3 Clar}
   (You acquired it on level 1 of the Dungeon)

   Int:       It affects your intelligence (+3).
   Clar:      It protects you from confusion, rage, mesmerisation and fear.
 w - a +1 pair of gloves (worn)
 C - a +1 cloak of poison resistance (worn)
 U - a +2 helmet of intelligence (worn)
 V - a +2 pair of boots of flying (worn)
 Z - a +1 kite shield of protection
Magical Staves
 z - a staff of conjuration
Jewellery
 a - a ring of willpower
 f - a ring of wizardry (left hand)
 n - the ring "Pyatull" {rCorr Str+3}
   (You took it off a deep elf archer on level 3 of the Elven Halls)

   [ring of resist corrosion]

   Str:       It affects your strength (+3).
   rCorr:     It protects you from acid and corrosion.
 K - the amulet "Giogomotz" (around neck) {rF+++ Regen+ Str+6 Int+3}
   (You took it off an orc on level 6 of the Dungeon)

   [amulet of regeneration]

   Str:       It affects your strength (+6).
   Int:       It affects your intelligence (+3).
   rF:        It renders you almost immune to fire.
   Regen:     It increases your rate of health regeneration.
 Q - the ring of the Voivode (right hand) {Drain Str+5 Int+6}
   (You found it in a Gauntlet)

   [ring of intelligence]

   Str:       It affects your strength (+5).
   Int:       It affects your intelligence (+6).
   Drain:     It drains your maximum health when unequipped.
Wands
 q - a wand of light (17)
 x - a wand of paralysis (33)
 D - a wand of polymorph (37)
 N - a wand of digging (9)
 O - a wand of flame (39)
 P - a wand of roots (19)
 T - a wand of mindburst (44)
Scrolls
 i - 9 scrolls of teleportation
 j - 3 scrolls of amnesia
 k - 8 scrolls of fog
 p - 10 scrolls of noise
 s - 5 scrolls of blinking
 v - a scroll of brand weapon {unknown}
 y - 9 scrolls of fear
 F - 2 scrolls of vulnerability
 G - 10 scrolls of enchant weapon
 H - 12 scrolls of poison
 J - a scroll of summoning
 L - 5 scrolls of immolation
 R - 5 scrolls of magic mapping
 X - 19 scrolls of identify
 Y - 3 scrolls of silence
Potions
 b - 3 potions of magic
 c - 2 potions of cancellation
 d - 3 potions of mutation
 e - 4 potions of resistance
 l - 3 potions of lignification
 m - a potion of heal wounds
 o - 5 potions of brilliance
 r - 9 potions of curing
 t - 4 potions of invisibility
 u - 4 potions of ambrosia
 B - 12 potions of attraction
 E - 8 potions of might
 I - a potion of berserk rage
 M - 3 potions of haste


   Skills:
 + Level 10.0 Fighting
 + Level 21.0 Armour
 - Level 1.7 Dodging
 - Level 1.7 Stealth
 + Level 20.1 Spellcasting
 - Level 15.9 Conjurations


You had 41 spell levels left.
You knew the following spells:

 Your Spells              Type           Power      Damage    Failure   Level
a - Magic Dart            Conj           100%       1d8       0%          1
b - Searing Ray           Conj           100%       2d8       0%          2
c - Iskenderun's Mystic   Conj/Tloc      96%        2d19      1%          4
d - Stone Arrow           Conj/Erth      100%       3d13      1%          3
e - Orb of Destruction    Conj           61%        9d15      1%          7

Your spell library contained the following spells:

 Spells                   Type           Power      Damage    Failure   Level
 Foxfire                  Conj/Fire      100%       2x1d9     1%          1
 Kiss of Death            Conj/Necr      100%       2d13      1%          1
 Sandblast                Erth           100%       2d20      1%          1
 Blink                    Tloc           100%       N/A       1%          2
 Call Imp                 Summ           100%       N/A       1%          2
 Lesser Beckoning         Tloc           100%       N/A       1%          2
 Passwall                 Tmut/Erth      44%        N/A       1%          2
 Poisonous Vapours        Pois/Air       100%       N/A       1%          2
 Scorch                   Fire           100%       2d9       1%          2
 Dazzling Flash           Conj/Hex       100%       N/A       1%          3
 Mephitic Cloud           Conj/Pois/Air  84%        N/A       1%          3
 Flame Wave               Conj/Fire      96%        2d20      1%          4
 Fulminant Prism          Conj/Hex       48%        3d20      1%          4
 Fireball                 Conj/Fire      48%        3d19      1%          5
 Irradiate                Conj/Tmut      48%        3d27      1%          5
 Iskenderun's Battlesphe  Conj           100%       2d15      1%          5
 Call Canine Familiar     Summ           53%        N/A       3%          3
 Confusing Touch          Hex            53%        N/A       3%          3
 Frozen Ramparts          Ice            100%       1d16      3%          3
 Gell's Gravitas          Tloc           53%        N/A       3%          3
 Ignite Poison            Fire/Tmut/Pois 53%        N/A       3%          3
 Portal Projectile        Hex/Tloc       100%       N/A       3%          3
 Summon Guardian Golem    Hex/Summ       53%        N/A       3%          3
 Teleport Other           Tloc           53%        N/A       3%          3
 Vampiric Draining        Necr           53%        2d9       3%          3
 Freezing Cloud           Conj/Ice/Air   42%        6-21      3%          5
 Conjure Ball Lightning   Conj/Air       48%        3x3d17    6%          6
 Starburst                Conj/Fire      48%        6d13      6%          6
 Dispel Undead            Necr           53%        3d19      12%         4
 Ice Form                 Ice/Tmut       53%        N/A       12%         4
 Leda's Liquefaction      Hex/Erth       26%        N/A       12%         4
 Manifold Assault         Tloc           53%        N/A       12%         4
 Petrify                  Tmut/Erth      53%        N/A       12%         4
 Summon Ice Beast         Ice/Summ       53%        N/A       12%         4
 Summon Lightning Spire   Summ/Air       53%        N/A       12%         4
 Agony                    Necr           53%        N/A       30%         5
 Blade Hands              Tmut           26%        N/A       30%         5
 Borgnjor's Vile Clutch   Necr/Erth      26%        N/A       30%         5
 Metabolic Englaciation   Hex/Ice        26%        N/A       30%         5
 Silence                  Hex/Air        26%        N/A       30%         5
 Spellforged Servitor     Conj/Summ      48%        N/A       34%         7
 Dispersal                Tloc           26%        N/A       85%         6
 Plasma Beam              Fire/Air       26%        2x1d42    85%         6
 Statue Form              Tmut/Erth      35%        N/A       85%         6
 Summon Cactus Giant      Summ           26%        N/A       85%         6
 Dragon Form              Tmut           26%        N/A       100%        7
 Malign Gateway           Summ/Tloc      26%        N/A       100%        7
 Storm Form               Tmut/Air       26%        N/A       100%        7
 Borgnjor's Revivificati  Necr           26%        N/A       100%        8
 Disjunction              Tloc           26%        N/A       100%        8
 Maxwell's Capacitive Co  Air            26%        ∞         100%        8
 Summon Horrible Things   Summ           26%        N/A       100%        8


Dungeon Overview and Level Annotations

Branches:
Dungeon (15/15)            Temple (0/1) D:6            Lair (5/5) D:8
  Swamp (4/4) Lair:3        Snake (4/4) Lair:3        Slime (0/5) Lair:5
    Orc (2/2) D:11            Elf (3/3) Orc:2        Vaults (0/5) D:13
 Depths (0/4) D:15        Gauntlet (visited)

Shops:
D:3 *:   D:12 [   D:13 (   Orc:1 (   Orc:2 **:?   Snake:1 *   Snake:4 (


Innate Abilities, Weirdness & Mutations

You have an increased reservoir of magic. (+10% MP)
You shall have no god before yourself.
Your divine heritage dramatically boosts your attributes as you level up.
You sometimes lose your temper in combat.
Your system is resistant to poisons. (rPois)
Your spells are a little easier to cast, but a little less powerful.


Message History

The tentacled starspawn bites you!
The tentacled starspawn tentacle-slaps you.
The caustic shrike simulacrum moves out of view.
You puncture the tentacled starspawn!
The tentacled starspawn is severely damaged.
The tentacled starspawn bites you!
The tentacled starspawn tentacle-slaps you but does no damage.
The tentacled starspawn barely misses you.
The tentacled starspawn tentacle-slaps you but does no damage.
You hit the tentacled starspawn.
The tentacled starspawn is severely damaged.
The tentacled starspawn barely misses you.
The tentacled starspawn tentacle-slaps you but does no damage.
You slash the tentacled starspawn!
The tentacled starspawn is almost destroyed.
The tentacled starspawn bites you!
The tentacled starspawn tentacle-slaps you but does no damage.
The caustic shrike simulacrum claws you!
* * * LOW HITPOINT WARNING * * *
The caustic shrike simulacrum freezes you!!!
* * * LOW HITPOINT WARNING * * *
The tentacled starspawn bites you but does no damage.
The tentacled starspawn tentacle-slaps you but does no damage.
The caustic shrike simulacrum claws you but does no damage.
Unknown command.
Unknown command.
You feel much better.
The caustic shrike simulacrum claws you.
* * * LOW HITPOINT WARNING * * *
The caustic shrike simulacrum freezes you!!
* * * LOW HITPOINT WARNING * * *
The tentacled starspawn bites you but does no damage.
The tentacled starspawn tentacle-slaps you but does no damage.
Unknown command.
You feel much better.
The caustic shrike simulacrum closely misses you.
The caustic shrike simulacrum claws you!
* * * LOW HITPOINT WARNING * * *
The caustic shrike simulacrum freezes you!!
You die...

## ## ###
# .##w###
##
#†..#X##
#.
#..##.#@#
.. #.
#..##Z#.#
#.
###.#.#
#.##...#
##.
###..#
#....#.#
# #.####
# #.# .


You could see a tentacled starspawn, a starspawn tentacle and a caustic shrike
simulacrum.

Vanquished Creatures
  the Lernaean hydra (Swamp:4)
  Nikola (Snake:2)
  A deep elf master archer (Elf:3)
  2 deep elf blademasters (Elf:3)
  The ghost of GeoRichter the Warrior, an adept DsCK of Wu Jian (Snake:1)
  The ghost of SuvarnaParana the Severer, an adept GrFi of Hepliaklqana (Snake:4)
  Kirke (Snake:2)
  5 tentacled starspawn
  4 nagarajas
  A fenstrider witch (Swamp:1)
  4 deep elf sorcerers (Elf:3)
  3 deep elf elementalists
  2 very ugly things
  2 stone giants
  4 eleionomae
  4 deep elf demonologists
  A dire elephant (Lair:5)
  A white draconian (Abyss:3)
  6 deep elf annihilators (Elf:3)
  A minotaur (Gauntlet)
  7 bunyips
  5 deep elf death magi
  2 blizzard demons
  A shambling mangrove (Swamp:2)
  2 deep elf high priests (Elf:3)
  A great orb of eyes (Abyss:3)
  3 rakshasas
  Josephine (D:14)
  Fannar (Lair:1)
  4 vault guards
  Harold (D:10)
  2 salamander tyrants (Snake:4)
  4 ogre magi
  17 hydras
  The ghost of Zippel the Digger, a novice DgEE (D:9)
  12 anacondas
  5 ghost crabs
  4 boulder beetles
  A catoblepas (Lair:5)
  22 two-headed ogres
  20 naga warriors
  5 alligators
  4 centaur warriors
  2 tengu warriors (D:15)
  31 dancing weapons
  Erica (D:8)
  A death knight (D:14)
  11 death yaks
  A deep troll shaman (Lair:5)
  Urug (Lair:5)
  21 naga sharpshooters
  11 thrashing horrors
  An orc high priest (Orc:1)
  7 spriggans
  6 hell knights (D:10)
  A sun demon (Abyss:3)
  14 shock serpents
  A fire crab (Gauntlet)
  2 sixfirhies
  2 skysharks
  21 deep elf knights
  11 goliath frogs
  10 wretched stars
  3 sea snakes
  4 skeletal warriors (D:15)
  3 salamander mystics
  An orb spider (Abyss:4)
  3 spriggan druids
  12 large abominations
  6 naga ritualists
  Pikel (D:8)
  2 deep trolls (Orc:2)
  9 swamp dragons
  An obsidian statue (Snake:1)
  A bunyip zombie (Abyss:3)
  15 bog bodies
  A glowing orange brain (Abyss:4)
  An orc knight (D:15)
  22 deep elf archers
  34 deep elf zephyrmancers
  A necromancer (D:10)
  9 mana vipers
  3 orc sorcerers
  6 will-o-the-wisps
  A shining eye (Abyss:3)
  26 deep elf pyromancers
  4 cyclopes
  18 ugly things
  2 worldbinders
  2 manticores (D:14)
  12 salamanders
  A moth of wrath (Snake:4)
  19 elephants
  7 guardian serpents
  38 black mambas
  A guardian serpent (shapeshifter) (Elf:1)
  23 naga magi
  6 smoke demons
  Joseph (D:8)
  An orange demon (Abyss:3)
  2 torpor snails (Lair:2)
  A gargoyle (D:13)
  An unseen horror (D:11)
  A yaktaur (shapeshifter) (D:13)
  2 rime drakes
  A kobold demonologist (D:6)
  5 cane toads
  An ice devil (Gauntlet)
  2 efreet
  10 komodo dragons
  A tengu conjurer (D:15)
  10 tyrant leeches
  3 polar bears
  6 meliai (D:15)
  A tarantella (shapeshifter) (Elf:3)
  9 trolls
  8 dream sheep
  6 hornets
  11 blink frogs
  11 raiju (Abyss:3)
  A jumping spider (shapeshifter) (D:13)
  A vampire (D:13)
  2 air elementals
  Sigmund (D:4)
  6 ynoxinuls (Abyss:3)
  6 flying skulls (Abyss:3)
  7 wraiths
  2 water elementals
  2 shadows
  5 slime creatures
  52 yaks
  4 humans (Snake:3)
  6 wyverns
  6 fire bats
  4 fire elementals
  8 basilisks
  5 neqoxecs
  A golden eye (Abyss:3)
  Grum (D:8)
  5 chaos spawn
  12 vampire mosquitoes
  Menkaure (D:5)
  2 steam dragons
  24 swamp worms
  2 wargs
  50 nagas
  An acid dragon (D:12)
  18 water moccasins
  Duvessa (D:7)
  A meliai simulacrum (D:15)
  A sky beast (D:7)
  9 hell hounds
  4 black bears
  10 swamp drakes
  14 orc warriors
  2 ice beasts
  26 ogres
  15 centaurs
  13 wolves
  2 lemures (D:8)
  2 phantoms (D:6)
  2 kobold brigands
  Blork the orc (D:4)
  3 gnoll sergeants
  2 earth elementals
  10 bullfrogs
  9 scorpions
  8 wights
  Dowan (D:7)
  14 killer bees
  6 electric eels
  4 howler monkeys (D:9)
  2 quasits (Abyss:3)
  4 hounds
  9 orc priests
  Crazy Yiuf (D:2)
  A gnoll bouda (Lair:4)
  An iron imp (Abyss:3)
  3 jellies
  Natasha (thrice) (D:2)
  An iguana (D:4)
  Ijyb (D:5)
  19 orc wizards
  6 small abominations
  Robin (D:4)
  15 gnolls
  5 adders
  A shadow imp (Abyss:4)
  11 white imps
  3 ufetubi
  A worm (D:3)
  2 dart slugs
  68 orcs
  11 endoplasms
  2 giant cockroaches
  9 goblins
  7 hobgoblins
  2 quokkas
  3 training dummies (Orc:1)
  9 ball pythons
  4 bats
  17 kobolds
  4 rats
  A starspawn tentacle (Abyss:3)
1341 creatures vanquished.

Vanquished Creatures (others)
  A deep elf knight (Elf:2)
  A bloated husk (Swamp:3)
  A large abomination (Abyss:3)
  2 flying skulls (Abyss:3)
  A naga simulacrum (Abyss:3)
  A golden eye (shapeshifter) (Abyss:3)
  A swamp drake (Swamp:4)
  An orc (D:6)
  12 foxfires
  A lurking horror (Abyss:3)
  16 starspawn tentacles
38 creatures vanquished.

Grand Total: 1379 creatures vanquished

Notes
Turn   | Place    | Note
-------+----------+-------------------------------------------
     0 | D:1      | McKennaii the Demigod Conjurer began the quest for the Orb.
     0 | D:1      | Reached XP level 1. HP: 14/14 MP: 5/5
   461 | D:1      | Identified 3 scrolls of acquirement
   461 | D:1      | Acquired a +0 helmet of see invisible
   462 | D:1      | Acquired a book of the Spheres
   463 | D:1      | Acquired the +8 orange crystal plate armour {Archmagi,
                  | Int+3 Clar}
   463 | D:1      | Found the +8 orange crystal plate armour {Archmagi, Int+3
                  | Clar}
  1279 | D:2      | Reached XP level 2. HP: 20/20 MP: 3/7
  1445 | D:2      | Learned a level 2 spell: Searing Ray
  1667 | D:2      | Found a runed translucent door.
  1668 | D:2      | Noticed Crazy Yiuf
  2122 | D:2      | Reached XP level 3. HP: 26/26 MP: 4/9
  2197 | D:2      | Noticed Natasha
  2201 | D:2      | Killed Natasha
  2515 | D:2      | Noticed Natasha
  2519 | D:2      | Killed Natasha
  2520 | D:2      | Reached XP level 4. HP: 33/33 MP: 4/11
  2665 | D:2      | Noticed Natasha
  2669 | D:2      | Killed Natasha
  2825 | D:3      | Found Xyxiz's Assorted Antiques.
  2883 | D:3      | Bought a blue potion for 20 gold pieces
  2883 | D:3      | Bought a murky purple potion for 20 gold pieces
  2883 | D:3      | Bought a fizzy white potion for 20 gold pieces
  2883 | D:3      | Bought a fuming blue potion for 20 gold pieces
  2883 | D:3      | Bought a purple potion for 20 gold pieces
  2971 | D:3      | Found Rylak's Book Boutique.
  3505 | D:3      | Learned a level 4 spell: Iskenderun's Mystic Blast
  3686 | D:4      | Noticed a black bear
  3722 | D:4      | Killed a black bear
  3723 | D:4      | Reached skill level 5 in Conjurations
  3723 | D:4      | Reached XP level 5. HP: 37/38 MP: 3/13
  3977 | D:4      | Noticed Sigmund
  3985 | D:4      | Killed Sigmund
  3986 | D:4      | Reached XP level 6. HP: 24/45 MP: 8/15
  4226 | D:4      | Noticed Robin
  4231 | D:4      | Killed Robin
  4817 | D:4      | Noticed Blork the orc
  4825 | D:4      | Killed Blork the orc
  4826 | D:4      | Reached XP level 7. HP: 50/50 MP: 7/17
  5129 | D:4      | Reached skill level 5 in Spellcasting
  5200 | D:4      | Got the Precepts of Hapless Last Rites
  5443 | D:2      | Killed Crazy Yiuf
  5589 | D:5      | Entered Level 5 of the Dungeon
  5724 | D:5      | Noticed Ijyb
  5941 | D:5      | Killed Ijyb
  6396 | D:5      | Learned a level 3 spell: Stone Arrow
  6432 | D:5      | Noticed Menkaure
  6438 | D:5      | Killed Menkaure
  6439 | D:5      | Reached skill level 1 in Armour
  6439 | D:5      | Reached XP level 8. HP: 31/57 MP: 13/20
  6536 | D:5      | Identified the amulet "Deiwnuuf" {Spirit rPois Str+4}
  6879 | D:5      | Reached skill level 2 in Armour
  7348 | D:6      | Reached skill level 3 in Armour
  7351 | D:6      | Identified the amulet "Giogomotz" {rF+++ Regen+ Str+6
                  | Int+3}
  7767 | D:6      | Reached XP level 9. HP: 62/62 MP: 16/23
  7779 | D:6      | Reached skill level 4 in Armour
  8032 | D:6      | Noticed a kobold demonologist
  8039 | D:6      | Killed a kobold demonologist
  8284 | D:6      | Found a staircase to the Ecumenical Temple.
  8418 | D:6      | Reached skill level 5 in Armour
  9497 | D:7      | Noticed Dowan
  9500 | D:7      | Noticed Duvessa
  9509 | D:7      | Killed Dowan
  9514 | D:7      | Killed Duvessa
 10541 | D:3      | Bought a scroll labelled ZADIREE CYCED for 23 gold pieces
 10541 | D:3      | Bought 2 fizzy ruby potions for 41 gold pieces
 10541 | D:3      | Bought a purple potion for 20 gold pieces
 10806 | D:8      | Reached skill level 6 in Armour
 10806 | D:8      | Reached XP level 10. HP: 60/69 MP: 15/26
 10995 | D:8      | Noticed Erica
 11172 | D:8      | Found a staircase to the Lair.
 11350 | D:8      | Killed Erica
 11351 | D:8      | Reached skill level 10 in Conjurations
 11857 | D:8      | Reached skill level 7 in Armour
 12153 | D:8      | Noticed Joseph
 12372 | Lair:1   | Entered Level 1 of the Lair of Beasts
 13077 | Lair:1   | Noticed Fannar
 13430 | D:8      | Killed Joseph
 13431 | D:8      | Reached XP level 11. HP: 74/74 MP: 12/28
 13521 | D:8      | Noticed Pikel
 13536 | D:8      | Killed Pikel
 13641 | D:8      | Reached skill level 8 in Armour
 13911 | D:9      | Noticed a two-headed ogre
 13911 | D:9      | Noticed a two-headed ogre
 13911 | D:9      | Noticed Zippel's ghost (novice DgEE)
 13911 | D:9      | Found a transporter.
 13912 | D:9      | Noticed a two-headed ogre
 13915 | D:9      | Noticed a two-headed ogre
 13915 | D:9      | Noticed a two-headed ogre
 13984 | D:9      | Found a transporter.
 15212 | D:10     | Entered Level 10 of the Dungeon
 15270 | D:10     | Noticed a two-headed ogre
 15291 | D:9      | Reached skill level 10 in Spellcasting
 15463 | D:10     | Noticed Harold
 15467 | D:10     | Paralysed by Harold for 5 turns
 15990 | D:9      | Reached skill level 9 in Armour
 16112 | D:10     | Killed a two-headed ogre
 16241 | D:10     | Paralysed by Harold for 5 turns
 16250 | D:10     | Killed Harold
 16795 | D:11     | Noticed a two-headed ogre
 16809 | D:10     | Killed a two-headed ogre
 17568 | D:11     | Reached XP level 12. HP: 81/81 MP: 23/31
 17654 | D:11     | Noticed a boulder beetle
 17669 | D:11     | Found a staircase to the Orcish Mines.
 18148 | D:12     | Found a transporter.
 18153 | D:12     | Found Atixus's Armour Emporium.
 18173 | D:12     | Found a transporter.
 18327 | D:12     | Noticed a boulder beetle
 18356 | D:12     | Killed a boulder beetle
 18357 | D:12     | Reached skill level 10 in Armour
 18502 | D:12     | Noticed a boulder beetle
 18517 | D:12     | Killed a boulder beetle
 18821 | D:13     | Reached skill level 1 in Fighting
 18984 | D:13     | Found a gate to the Vaults.
 18984 | D:13     | Noticed a vault guard
 18984 | D:13     | Noticed a vault guard
 18984 | D:13     | Noticed a vault guard
 18984 | D:13     | Noticed a vault guard
 19051 | D:12     | Killed a vault guard
 19211 | D:13     | Found Ciute's Weapon Shoppe.
 19257 | D:13     | Killed a vault guard
 19362 | D:13     | Noticed a five-headed hydra
 19368 | D:13     | Killed a five-headed hydra
 19515 | D:13     | Noticed a boulder beetle
 19527 | D:13     | Killed a boulder beetle
 19776 | D:13     | Killed a vault guard
 20110 | D:13     | Killed a vault guard
 20874 | D:10     | Reached XP level 13. HP: 38/93 MP: 10/33
 21028 | D:10     | Reached skill level 11 in Armour
 21214 | D:8      | Noticed Grum
 21223 | D:8      | Killed Grum
 21436 | D:9      | Killed Zippel's ghost
 21892 | D:12     | Bought a +1 pair of gloves for 161 gold pieces
 22110 | D:14     | Reached skill level 5 in Fighting
 22195 | D:14     | Noticed Josephine
 22198 | D:14     | Killed Josephine
 22288 | D:14     | You fall into a shaft and drop 1 floor!
 22288 | D:15     | Entered Level 15 of the Dungeon
 22546 | D:15     | Identified the +1 long sword of Articulation {heavy, Str+3}
 22664 | D:15     | Found a gate leading to a gauntlet.
 22672 | Gauntlet | Entered a Gauntlet
 22672 | Gauntlet | Found a transporter.
 22672 | Gauntlet | Found a transporter.
 22699 | Gauntlet | Found a transporter.
 22702 | Gauntlet | Found a transporter.
 22702 | Gauntlet | Found a transporter.
 22712 | Gauntlet | Found a transporter.
 22780 | Gauntlet | Found a transporter.
 22797 | Gauntlet | Found a transporter.
 22806 | Gauntlet | Found a transporter.
 22816 | Gauntlet | Found a transporter.
 22831 | Gauntlet | Found a transporter.
 22837 | Gauntlet | Found a transporter.
 23147 | Gauntlet | Identified the ring of the Voivode {Drain Str+5 Int+6}
 23149 | Gauntlet | Identified the +7 dagger "Ukli Rol" {freeze, rElec}
 23332 | Gauntlet | Noticed a minotaur
 23342 | Gauntlet | Killed a minotaur
 23459 | Gauntlet | Identified the +0 plate armour of Panentheism {Fly rF- MP+9
                  | Int+2}
 23926 | D:15     | Reached skill level 12 in Armour
 24171 | D:15     | Reached XP level 14. HP: 54/111 MP: 3/35
 25040 | D:15     | Found a staircase to the Depths.
 26929 | Lair:1   | You are sucked into a shaft and drop 1 floor!
 27543 | Lair:1   | Killed Fannar
 29190 | Lair:3   | Found a staircase to the Snake Pit.
 29227 | Lair:3   | Reached skill level 13 in Armour
 30117 | Lair:3   | Found a staircase to the Swamp.
 30237 | Lair:3   | Learned a level 8 spell: Summon Horrible Things
 30246 | Lair:3   | Learned a level 7 spell: Orb of Destruction
 31037 | Lair:4   | Reached skill level 15 in Conjurations
 31492 | Lair:5   | Entered Level 5 of the Lair of Beasts
 31501 | Lair:5   | Reached XP level 15. HP: 121/121 MP: 14/37
 31640 | Lair:5   | Noticed Urug
 31656 | Lair:5   | Killed Urug
 32532 | Lair:5   | Found a staircase to the Slime Pits.
 33019 | Orc:1    | Entered Level 1 of the Orcish Mines
 33448 | Orc:1    | Found Lodem's Firing Range.
 33532 | Orc:2    | Entered Level 2 of the Orcish Mines
 33541 | Orc:2    | Found a staircase to the Elven Halls.
 33950 | Orc:2    | Reached skill level 14 in Armour
 34502 | Orc:2    | Paralysed by an ogre mage for 5 turns
 34648 | Orc:2    | Found Poenyon's Book Shop.
 34652 | Orc:2    | Found Enioni's Magic Scroll Emporium.
 34653 | Orc:2    | Found Nalecwih's Assorted Antiques.
 34654 | Orc:2    | Found Hoantoc's Assorted Antiques.
 34715 | Orc:2    | Bought a scroll of teleportation for 42 gold pieces
 34715 | Orc:2    | Bought a scroll of teleportation for 42 gold pieces
 34726 | Orc:2    | Bought a potion of magic for 240 gold pieces
 34731 | Orc:2    | Bought a potion of brilliance for 104 gold pieces
 35061 | Orc:2    | Bought a scroll of fear for 56 gold pieces
 35061 | Orc:2    | Bought a scroll of enchant armour for 105 gold pieces
 35061 | Orc:2    | Bought a scroll of magic mapping for 105 gold pieces
 35660 | Swamp:1  | Entered Level 1 of the Swamp
 35820 | Swamp:1  | Noticed a fenstrider witch
 35823 | Swamp:1  | Killed a fenstrider witch
 36709 | Swamp:1  | Identified the +9 falchion of the Swamp {flame, *Slow Will+
                  | Int+8}
 37040 | Swamp:2  | Identified the +3 robe of the Ladybird {rC+ rN+ Dex+4
                  | Archmagi}
 38738 | Swamp:3  | Reached XP level 16. HP: 115/128 MP: 26/40
 38744 | Swamp:3  | Reached skill level 15 in Armour
 38748 | Swamp:3  | Reached skill level 15 in Spellcasting
 39367 | Swamp:3  | Identified the +0 leather armour of Painted Brilliance
                  | {Rampage rC++}
 39370 | Swamp:3  | Got Sif Muna's Directory of Conflagration
 40148 | Swamp:4  | Entered Level 4 of the Swamp
 41338 | Swamp:4  | Reached skill level 16 in Armour
 41356 | Swamp:4  | Noticed the 27-headed Lernaean hydra
 41676 | Swamp:4  | Killed the 27-headed Lernaean hydra
 41876 | Swamp:4  | Got a decaying rune of Zot
 42532 | Snake:1  | Entered Level 1 of the Snake Pit
 42813 | Snake:1  | Found a runed translucent gate.
 42814 | Snake:1  | Found a runed translucent gate.
 42814 | Snake:1  | Found a runed translucent gate.
 42816 | Snake:1  | Found Bemanwom's Assorted Antiques.
 42816 | Snake:1  | Found Gowuir's Assorted Antiques.
 42816 | Snake:1  | Noticed GeoRichter's ghost (adept DsCK)
 44266 | Snake:1  | Killed GeoRichter's ghost
 44567 | Snake:1  | Bought a potion of curing for 129 gold pieces
 44567 | Snake:1  | Bought a potion of curing for 129 gold pieces
 44567 | Snake:1  | Bought 2 scrolls of fear for 344 gold pieces
 45078 | Snake:2  | Reached XP level 17. HP: 70/131 MP: 30/43
 45790 | Snake:2  | Noticed Nikola
 45802 | Snake:2  | Killed Nikola
 45803 | Snake:2  | Reached skill level 17 in Armour
 47207 | Snake:3  | Identified the +0 ring mail "Cygut" {Rampage rF+ rC+}
 48177 | Snake:3  | Noticed Kirke
 48572 | Snake:2  | Killed Kirke
 49564 | Snake:4  | Entered Level 4 of the Snake Pit
 50027 | Snake:4  | Reached skill level 18 in Armour
 50111 | Snake:3  | HP: 2/134 [poisoned by a naga mage (splash of poison)]
 50957 | Snake:4  | Got a serpentine rune of Zot
 51341 | Snake:4  | Found Walomo's Antique Weapon Emporium.
 51346 | Snake:4  | Bought an iridescent spear for 160 gold pieces
 51346 | Snake:4  | Identified the +5 spear of Attainder {freeze, rF++ Will+}
                  | (You bought it in a shop on level 4 of the Snake Pit)
 51841 | Snake:3  | Reached XP level 18. HP: 113/141 MP: 26/46
 52276 | Snake:3  | Identified the +1 scale mail "Piyrist" {rElec rC++ rCorr
                  | Int-5}
 52507 | Snake:4  | Found a transporter.
 52507 | Snake:4  | Found a transporter.
 52867 | Snake:4  | Noticed SuvarnaParana's ghost (adept GrFi)
 52954 | Snake:4  | Identified the amulet of Hard Scrabble {Reflect +Inv Dex+3
                  | SH+5}
 53501 | Snake:4  | Killed SuvarnaParana's ghost
 53901 | Elf:1    | Entered Level 1 of the Elven Halls
 54574 | Elf:1    | Reached skill level 19 in Armour
 55453 | Elf:1    | Paralysed by an air elemental for 1 turns
 55459 | Elf:1    | Paralysed by an air elemental for 1 turns
 57072 | Elf:2    | Identified the +5 long sword of the Wary Eyes {flame,
                  | rCorr}
 57743 | Elf:2    | Found a runed translucent gate.
 57744 | Elf:2    | Found a runed translucent gate.
 57744 | Elf:2    | Found a runed translucent gate.
 58696 | Elf:2    | Reached skill level 20 in Armour
 59083 | Elf:3    | Entered Level 3 of the Elven Halls
 59194 | Elf:3    | Paralysed by an air elemental for 1 turns
 59383 | Elf:3    | Reached XP level 19. HP: 144/147 MP: 21/48
 60053 | Abyss:3  | Cast into level 3 of the Abyss (+1 trident of distortion)
 60502 | Abyss:3  | Gained mutation: You are dopey. (Int -2) [a shining eye]
 60509 | Abyss:3  | Gained mutation: Your body often deteriorates upon taking
                  | damage. [a shining eye]
 60788 | Abyss:3  | Gained mutation: Your spells are a little easier to cast,
                  | but a little less powerful. [a neqoxec]
 60873 | Abyss:3  | Lost mutation: Your body sometimes deteriorates upon taking
                  | damage. [potion of mutation]
 60873 | Abyss:3  | Lost mutation: You are dopey. (Int -2) [potion of mutation]
 61224 | Abyss:4  | HP: 4/149 [stone wall collision (6)]
 61229 | Abyss:4  | Paralysed by accursed screaming for 1 turns
 61638 | Elf:3    | Escaped the Abyss
 62171 | Elf:3    | Identified the ring "Pyatull" {rCorr Str+3}
 62869 | Elf:3    | Paralysed by an air elemental for 1 turns
 62878 | Elf:3    | Paralysed by an air elemental for 1 turns
 62914 | Elf:3    | Noticed a Tzitzimitl
 63082 | Elf:3    | Identified the +5 spear of Fate {protect, *Corrode rF+ rC+
                  | Int+5}
 63235 | Elf:3    | Identified the +4 whip of Lopp {holy, *Corrode Will+ Str+2
                  | Dex+3}
 63330 | Elf:3    | Identified the +5 broad axe of Weiclip {freeze, *Noise
                  | Int+6}
 63334 | Abyss:4  | Cast into level 4 of the Abyss (a deep elf sorcerer)
 63437 | Abyss:4  | Gained mutation: You are clumsy. (Dex -2) [a neqoxec]
 63489 | Abyss:4  | Reached skill level 10 in Fighting
 63513 | Abyss:4  | Gained mutation: You occasionally lose the ability to read
                  | scrolls when taking damage. [a neqoxec]
 63517 | Abyss:4  | Gained mutation: You are frail. (-10% HP) [a neqoxec]
 63519 | Abyss:4  | Gained mutation: You sometimes lose the ability to read
                  | scrolls when taking damage. [a neqoxec]
 63521 | Abyss:4  | Reached skill level 21 in Armour
 63521 | Abyss:4  | Lost mutation: You are clumsy. (Dex -2) [potion of
                  | mutation]
 63521 | Abyss:4  | Lost mutation: You sometimes lose the ability to read
                  | scrolls when taking damage. [potion of mutation]
 63521 | Abyss:4  | Lost mutation: You are frail. (-10% HP) [potion of
                  | mutation]
 63521 | Abyss:4  | Gained mutation: You sometimes lose your temper in combat.
                  | [potion of mutation]
 63521 | Abyss:4  | Gained mutation: You are robust. (+10% HP) [potion of
                  | mutation]
 63521 | Abyss:4  | Gained mutation: You occasionally lose the ability to drink
                  | potions when taking damage. [potion of mutation]
 63522 | Abyss:4  | Lost mutation: You occasionally lose the ability to drink
                  | potions when taking damage. [potion of mutation]
 63522 | Abyss:4  | Lost mutation: You are robust. (+10% HP) [potion of
                  | mutation]
 63522 | Abyss:4  | Lost mutation: You occasionally lose the ability to read
                  | scrolls when taking damage. [potion of mutation]
 63522 | Abyss:4  | Gained mutation: Your system is resistant to poisons.
                  | (rPois) [potion of mutation]
 63552 | Abyss:4  | Noticed a profane servitor
 63727 | Abyss:4  | HP: 3/153 [caustic shrike simulacrum (38)]
 63729 | Abyss:4  | Slain by a caustic shrike simulacrum

Illustrated notes

Levels and vault maps discovered:
D:1:      dpeg_arrival_orchard, layout_basic
D:2:      layout_loops_corners, uniq_natasha, uniq_crazy_yiuf_cottage
D:3:      layout_basic, serial_shops, nicolae_shop_stone, shop
D:4:      layout_basic, nicolae_figureground_sparkle, uniq_sigmund, uniq_robin,
          uniq_blork_the_orc
D:5:      layout_cave_pools, nicolae_ru_path_of_blood, minmay_quadrilaterals,
          uniq_menkaure, uniq_ijyb
D:6:      cheibrodos_barr_body, layout_rooms, lemuel_doored_altar,
          minmay_temple_entry_large_hall, hangedman_decor_growths,
          minmay_fractal_squares_gapless_5
D:7:      layout_basic, mainiacjoe_overflow_big_doors, lemuel_tele_altar,
          zin_scriptorium, nicolae_figureground_pulse, uniq_duvessa
D:8:      layout_loops_cross, minmay_lair_entry_grove, serial_demonic,
          serial_demonic_f, serial_demonic_e, serial_demonic_b,
          serial_demonic_d, serial_demonic_g, serial_demonic_f, uniq_pikel,
          uniq_joseph, uniq_grum, uniq_erica
D:9:      layout_irregular_city, mainiacjoe_overflow_catwalk_spiral,
          gammafunk_ghost_smash, serial_bayou_crossing
D:10:     layout_cross, minmay_rotating_lava, uniq_harold
D:11:     layout_cave_pools, david_orc_1_choice
D:12:     layout_rooms, serial_shops, nicolae_shop_drivethru,
          minmay_strange_pillars
D:13:     layout_irregular_city, lightli_vaults_fourway_checkpoint,
          serial_shops, nicolae_shop_temple_entry_statues_fountains
D:14:     layout_roguey, nicolae_titane, uniq_josephine
D:15:     grunt_enter_depths_snipers, layout_long_grid, gauntlet_entry_generic
Lair:1:   layout_cave_pods, beast_lair_carwin_2, serial_bayou_shore_b,
          lemuel_fruit_tree, uniq_fannar
Lair:2:   layout_loops_ring, serial_forest, infiniplex_forest_clump_small,
          infiniplex_forest_lined_1, infiniplex_forest_corner_2,
          infiniplex_forest_lined_4_way, infiniplex_forest_clump_medium,
          infiniplex_forest_clump_large, infiniplex_forest_clump_tiny,
          infiniplex_forest_clump_double, infiniplex_forest_lined_ring,
          infiniplex_forest_clump_small
Lair:3:   layout_small_grid, nicolae_swamp_entry_splash_gauntlet,
          guppyfry_snake_entry_island
Lair:4:   layout_loops_ring, dreamdust_gnoll_shepherd, lemuel_fruit_fields,
          grunt_megastairs_5
Lair:5:   grunt_lair_end_beastmaster, layout_cave_shapes,
          nicolae_slime_entry_slimehenge, uniq_urug
Swamp:1:  layout_basic_swamp, nicolae_swamp_big_swirl
Swamp:2:  layout_basic_swamp, evilmike_swamp_ruin_wall, swamp_pool5
Swamp:3:  layout_basic_swamp, evilmike_swamp_ruin_house_1
Swamp:4:  grunt_swamp_rune_castle, layout_basic_swamp
Snake:1:  layout_gridlike, ebering_ghost_gozag, basic_altar,
          corexii_hall_statues_s, st_stairs_7, drop_trap,
          nicolae_snake_single_loop, serial_bayou_shore_a
Snake:2:  layout_layer_cave, basic_altar, st_stairs_7, uniq_nikola
Snake:3:  nicolae_snake_attic_fulla_snakes, layout_misc_corridors,
          nicolae_snake_squiggles, statue_in_the_mist_lemuel,
          nicolae_snake_omega, serial_bayou_shore_b, grunt_megastairs_3,
          uniq_kirke
Snake:4:  snake_pit, layout_cave_shapes, serial_shops,
          nicolae_shop_hallway_stairs, gammafunk_ghost_wrathful_warriors
Orc:1:    layout_caves, nicolae_shop_firing_range
Orc:2:    st_orc_open, layout_caves, small_statue_alley_c
Elf:1:    eino_elf_arrival_sip, layout_gridlike, minmay_elf_crystal_hexagon
Elf:2:    nicolae_elf_blades_crystal_corner, layout_rooms,
          minmay_checkered_concentric_circles
Elf:3:    minmay_elf_hall_x, layout_geoelf_castle, nicolae_elf_stone_circles
Abyss:4:  base: Vaults:4, evilmike_nicolae_abyss_rune_betentacled_crabyss,
          evilmike_nicolae_abyss_rune_betentacled_crabyss,
          nicolae_abyss_rune_star_stuff, base: D:4, evilmike_abyss_exit_11,
          minivault_4, hangedman_stitches_earthworm, evilmike_abyss_exit_16

Skill      XL: |  1  2  3  4  5  6  7  8  9 10 11 12 13 14 15 16 17 18 19 |
---------------+----------------------------------------------------------+-----
Spellcasting   | 2 3 4 6 7 8 9 10 11 12 13 14 16 18 19 20 | 20.1
Conjurations   | 4 5 6 7 8 9 10 12 13 15 | 15.9
Armour         | 1 3 6 7 9 10 12 13 14 16 18 20 21 | 21.0
Fighting       | 3 6 8 10 | 10.0
Dodging        | |  1.7
Stealth        | |  1.7

Action                     |  1- 3 |  4- 6 |  7- 9 | 10-12 | 13-15 | 16-18 | 19-21 || total
---------------------------+-------+-------+-------+-------+-------+-------+-------++-------
  Melee: Staff             |       |       |     5 |     9 |       |       |       ||    14
         Punch             |       |       |       |     1 |       |       |       ||     1
         Halberd           |       |       |       |    82 |   389 |   274 |   345 ||  1090
   Cast: Magic Dart        |    53 |    84 |   149 |   160 |       |       |       ||   446
         Searing Ray       |     3 |    11 |    71 |   155 |    15 |     7 |     9 ||   271
         Iskenderun's Myst |       |       |    22 |    18 |    89 |   242 |   108 ||   479
         Stone Arrow       |       |       |       |   101 |   640 |   882 |   100 ||  1723
         Orb of Destructio |       |       |       |       |     2 |    68 |    55 ||   125
  Evoke: Wand              |       |       |     1 |     6 |     5 |       |    12 ||    24
    Use: Scroll            |     3 |       |       |    21 |    12 |     5 |     7 ||    48
         Potion            |       |     1 |       |     4 |     3 |     2 |    14 ||    24
   Stab: Paralysed         |       |       |       |     9 |       |       |       ||     9
         Petrified         |       |       |       |       |     1 |       |       ||     1
         Distracted        |       |       |       |       |       |       |     1 ||     1
         Invisible         |       |       |       |       |       |       |     1 ||     1
 Armour: Robe              |       |     5 |    17 |       |       |       |       ||    22
         Steam dragon scal |       |       |    16 |    13 |       |       |       ||    29
         Crystal plate arm |       |       |       |   415 |   964 |  1298 |   651 ||  3328
  Dodge: Dodged            |     5 |     7 |    93 |   106 |   295 |   367 |   266 ||  1139
